 Dungeon Crawl Stone Soup version 0.28.0-47-ge53b351184 (webtiles) character file.

Game seed: 222918444193532992

185 bobregger the Skirmisher (level 5, -2/57 HPs)
             Began as an Ogre Berserker on Apr 30, 2022.
             Was a Believer of Trog.
             Slain by an orc priest
             ... wielding a +0 flail
              (8 damage)
             ... on level 3 of the Dungeon.
             The game lasted 00:03:03 (2975 turns).

bobregger the Skirmisher (Ogre Berserker)           Turns: 2975, Time: 00:03:03

Health: -2/57      AC:  3    Str: 21    XL:     5   Next: 64%
Magic:  5/5        EV: 10    Int:  8    God:    Trog [**....]
Gold:   113        SH:  0    Dex: 10    Spells: 4/4 levels left

rFire   . . .      SeeInvis .   a - +0 mace
rCold   . . .      Faith    .   (no shield)
rNeg    . . .      Spirit   .   b - +0 animal skin
rPois   .          Reflect  .   (helmet restricted)
rElec   .          Harm     .   (no cloak)
rCorr   .          Rampage  .   (gloves unavailable)
Will    .....                   (boots unavailable)
Stlth   +.........              (no amulet)
HPRegen 0.19/turn               (no ring)
MPRegen 0.09/turn               (no ring)

@: on berserk cooldown, slowed, very slow
A: large, unfitting armour, tough skin 1
a: Renounce Religion, Berserk, Trog's Hand


You were on level 3 of the Dungeon.
You worshipped Trog.
Trog was pleased with you.
You visited 1 branch of the dungeon, and saw 3 of its levels.

You collected 113 gold pieces.

Inventory:

Hand Weapons
 a - a +0 mace (weapon)
Armour
 b - a +0 animal skin (worn)
Scrolls
 c - a scroll of immolation {unknown}
 d - 2 scrolls of noise {unknown}
 f - a scroll of enchant weapon {unknown}
 h - a scroll of identify {unknown}
 i - a scroll of amnesia {unknown}
Potions
 e - a potion of haste {unknown}
 g - a potion of invisibility {unknown}
 j - a potion of attraction {unknown}


   Skills:
 + Level 5.3 Fighting
 * Level 4.4 Maces & Flails
 + Level 3.5 Dodging


You had 4 spell levels left.
You didn't know any spells.
Your spell library was empty.

Dungeon Overview and Level Annotations

Branches:
Dungeon (3/15)

Altars:
Elyvilon

Shops:
D:1 ([?[   D:3 !


Innate Abilities, Weirdness & Mutations

You are too large for most types of armour.
You have tough skin. (AC +1)


Message History

You kill the orc!
Trog accepts your kill.
You see here a +0 hand axe.
An orc is nearby!
The orc hits you from afar with a +0 trident.
You see here a +0 short sword.
The orc barely misses you.
You closely miss the orc. The orc barely misses you.
You thump the orc!
You kill the orc!
Trog accepts your kill.
You see here a +0 short sword.
The orc closely misses you.
A red film seems to cover your vision as you go berserk!
You feel yourself moving faster!
You feel mighty! The orc barely misses you.
You completely miss the orc. The orc closely misses you.
You sock the orc!
You kill the orc!
Trog accepts your kill. The orc priest misses you.
Things that are here:
a +0 whip; an orc corpse You feel a strong urge to attack something.
The orc priest hits you with a +0 war axe.
You see here a +0 short sword.
You are no longer berserk.
You are exhausted.
You feel yourself slow down.
You hit the orc priest but do no damage.
The orc priest invokes the aid of Beogh against you.
Pain shoots through your body! The orc priest barely misses you.
You barely miss the orc priest.
The orc priest hits you but does no damage.
The orc priest hits you with a +0 flail!
* * * LOW HITPOINT WARNING * * *
You closely miss the orc priest.
The orc priest hits you with a +0 war axe!
* * * LOW HITPOINT WARNING * * *
The orc priest hits you with a +0 flail!
You die...

#.# #.#.###.#
#.#######..# #.#
#.#.....#
#..........# #.#
#.###..##
#..........# #.#
#.# ##.#
############ #.####
#.# #.# #.##.. ..#
#.# #.##.# ### #.#
##.########)#####
..##......)o@o.#
#.#..#########.#
#.#.## ........#
#...# ........#
#...#$..........
#...#oo.......... #
#.#.#oo...........
##
#.#.##.............
.#.###. #.#.#
#.........####
.......


You could see 2 orc priests.

Vanquished Creatures
  Jessica (D:2)
  Terence (D:2)
  An iguana (D:3)
  A howler monkey zombie (D:3)
  2 adders
  2 worms (D:3)
  2 dart slugs
  6 orcs (D:3)
  2 ball pythons
  2 endoplasms
  7 goblins
  2 hobgoblins
  4 jackals (D:3)
  8 kobolds
  3 quokkas
  9 bats
  6 frilled lizards
  8 rats
67 creatures vanquished.

Notes
Turn   | Place    | Note
-------+----------+-------------------------------------------
     0 | D:1      | bobregger the Ogre Berserker began the quest for the Orb.
     0 | D:1      | Reached XP level 1. HP: 24/24 MP: 1/1
    90 | D:1      | Found Rasen's Magic Scroll Boutique.
   102 | D:1      | Found Ovutza's Antique Armour Shoppe.
   195 | D:1      | Found Kafonaji's Armour Shop.
   207 | D:1      | Reached XP level 2. HP: 31/32 MP: 2/2
   253 | D:1      | Found Aclulac's Weapon Emporium.
   550 | D:1      | Found a faded altar of an unknown god.
   705 | D:1      | Reached XP level 3. HP: 38/40 MP: 3/3
   796 | D:2      | Noticed Terence
   803 | D:2      | Killed Terence
   990 | D:2      | Reached ** piety under Trog
  1005 | D:2      | Reached XP level 4. HP: 26/49 MP: 4/4
  1407 | D:2      | Noticed Jessica
  1417 | D:2      | Killed Jessica
  1994 | D:3      | Found a white marble altar of Elyvilon.
  2108 | D:3      | Reached skill level 5 in Fighting
  2341 | D:3      | Reached XP level 5. HP: 40/57 MP: 5/5
  2440 | D:3      | Found Vaatzo's Distillery.
  2975 | D:3      | Slain by an orc priest

Illustrated notes

Levels and vault maps discovered:
D:1:      onia_arrival_mini_maze_b, layout_rooms, serial_glass, glass_columns_b,
          glass_columns_b, serial_shops, shop, nicolae_shop_advertising_works
          [nicolae_subvault_shop_adworks], shop, nicolae_shop_trees,
          shapermc_ecumenical_altar_acropolis, columned_hall_lemuel
D:2:      layout_loops_ring, uniq_jessica, uniq_terence
D:3:      cheibrodos_pilgrimage, layout_loops_ring,
          mainiacjoe_overflow_cross_hatched, serial_shops, shop,
          bh_walls_and_bars

Skill      XL: |  1  2  3  4 |
---------------+-------------+-----
Maces & Flails | 3 4 |  4.4
Dodging        | 3 |  3.5
Fighting       | 5 |  5.3

Action                   |  1- 3 |  4- 6 || total
-------------------------+-------+-------++-------
Melee: Mace              |    73 |   137 ||   210
       Punch             |       |     2 ||     2
Invok: Berserk           |     1 |     2 ||     3
Armor: Animal skin       |    41 |    35 ||    76
Dodge: Dodged            |    59 |    65 ||   124
